 Dungeon Crawl Stone Soup version 0.27-a0-1181-g5f64966fcc (webtiles) character file.

Game seed: 5471684041621987204

693 leviel the Chopper (level 7, -4/62 HPs)
             Began as a Minotaur Fighter on May 17, 2021.
             Slain by a howler monkey (6 damage)
             ... on level 5 of the Dungeon.
             The game lasted 00:03:44 (4011 turns).

leviel the Chopper (Minotaur Fighter)               Turns: 4011, Time: 00:03:45

Health: -4/62      AC:  2    Str: 22    XL:     7   Next: 37%
Magic:  6/6        EV:  8    Int:  5    God:
Gold:   227        SH: 10    Dex: 10    Spells: 6/6 levels left

rFire    . . .     SeeInvis .   a - +0 war axe
rCold    . . .     Faith    .   c - +0 kite shield
rNeg     . . .     Spirit   .   b - +0 scale mail
rPois    .         Reflect  .   (helmet restricted)
rElec    .         Harm     .   (no cloak)
rCorr    .         Rampage  .   s - +2 pair of gloves
Will     .....                  (no boots)
Stlth    ..........             (no amulet)
HPRegen  0.20/turn              (no ring)
MPRegen  0.10/turn              (no ring)

@: corroded, hasted, very quick
A: horns 2, retaliatory headbutt
a: no special abilities


You were on level 5 of the Dungeon.
You visited 1 branch of the dungeon, and saw 5 of its levels.

You collected 227 gold pieces.

Inventory:

Hand Weapons
 a - a +0 war axe (weapon)
Armour
 b - a +0 scale mail (worn)
 c - a +0 kite shield (worn)
 s - a +2 pair of gloves (worn)
Jewellery
 q - a ring of magical power
 z - an amulet of reflection
 C - a +4 ring of evasion
Scrolls
 e - a scroll of identify {unknown}
 g - 2 scrolls of immolation {unknown}
 i - 5 scrolls of teleportation {unknown}
 k - a scroll of enchant armour {unknown}
 l - a scroll of enchant weapon {unknown}
 p - a scroll of torment {unknown}
 t - a scroll of summoning {unknown}
 v - a scroll of holy word {unknown}
 y - a scroll of amnesia {unknown}
 A - a scroll of magic mapping {unknown}
 B - 2 scrolls of fear {unknown}
Potions
 d - a potion of might
 f - a potion of flight {unknown}
 h - 3 potions of degeneration {unknown}
 j - 3 potions of haste
 m - 4 potions of attraction {unknown}
 n - 2 potions of heal wounds {unknown}
 o - a potion of magic {unknown}
 r - 2 potions of curing {unknown}
 u - a potion of brilliance {unknown}
 w - a potion of berserk rage {unknown}
 x - 2 potions of lignification {unknown}


   Skills:
 + Level 5.7 Fighting
 * Level 6.5 Axes
 + Level 5.6 Armour
 + Level 5.6 Shields


You had 6 spell levels left.
You didn't know any spells.
Your spell library contained the following spells:

 Spells                   Type           Power      Damage    Failure   Level
 Animate Skeleton         Necr           0%         N/A       99%         1
 Foxfire                  Conj/Fire      0%         2x1d4     99%         1
 Pain                     Necr           0%         1d4       99%         1
 Conjure Flame            Conj/Fire      0%         6-21      100%        3
 Inner Flame              Hex/Fire       0%         N/A       100%        3
 Vampiric Draining        Necr           0%         2d6       100%        3
 Animate Dead             Necr           0%         N/A       100%        4
 Sticky Flame             Conj/Fire      0%         2d3       100%        4
 Agony                    Necr           0%         N/A       100%        5
 Fireball                 Conj/Fire      0%         3d3       100%        5


Dungeon Overview and Level Annotations

Branches:
Dungeon (5/15)
 Temple: D:4-7

Altars:
Trog

Shops:
D:2 =   D:4 (


Innate Abilities, Weirdness & Mutations

You have a pair of horns on your head.
You reflexively headbutt those who attack you in melee.


Message History

You are too injured to fight recklessly!
You are too injured to fight recklessly!
You are too injured to fight recklessly!
You are too injured to fight recklessly!
You are too injured to fight recklessly!
You are too injured to fight recklessly!
You are too injured to fight recklessly!
You are too injured to fight recklessly!
Unknown command.
The phantom hits you but does no damage.
You hit the phantom but do no damage. Your headbutt misses the phantom.
The phantom hits you.
* * * LOW HITPOINT WARNING * * *
The phantom hits you.
* * * LOW HITPOINT WARNING * * *
The phantom blinks!
You blink.
The phantom hits you.
* * * LOW HITPOINT WARNING * * *
The phantom blinks!
You blink.
The howler monkey hits you.
* * * LOW HITPOINT WARNING * * *
Okay, then.
It was a potion of haste.
You feel yourself speed up. You block the phantom's attack.
The howler monkey hits you.
* * * LOW HITPOINT WARNING * * *
You block the howler monkey's attack. The phantom hits you.
* * * LOW HITPOINT WARNING * * *
The phantom blinks!
You blink.
You hit the phantom. You headbutt the phantom!
The phantom is severely damaged.
Your shield prevents you from hitting the phantom.
The phantom is severely damaged.
The phantom hits you.
* * * LOW HITPOINT WARNING * * *
The phantom blinks!
You blink.
The howler monkey hoots and howls with incredible vigour!
You miss the phantom.
The phantom is severely damaged.
You hit the howler monkey. You block the phantom's attack.
The howler monkey hits you.
You die...

.# #######..................##...
.#########........########..##...
.##.........................##.##
.##.#######################.##.##
..#.#.....#.....#.....#...#.##.##
..))#..†..#.....#.....#Z8h#......
#...#..#..#..#..#WZ#..# W.#......
#..##..#.†#).#.W#hO#..###§#......
#..##..#..†..#§.@..#....O.#[.....
....#..#.....#.§...#.§....#......
....#..####################......
....#............................
....#....................÷.......
....#..####################.##...
..>.#..#.....#.....#..... #.#####
....#..#.....#.....#......#..# #
....#..#..#..#).#..#..###+#..## #


You could see 2 phantoms, an ogre, a howler monkey and a hound skeleton.

Vanquished Creatures
  A black bear (D:5)
  A necrophage (D:5)
  A scorpion (D:3)
  2 bullfrog zombies
  A hound (D:5)
  2 jellies (D:5)
  A bullfrog skeleton (D:4)
  3 iguanas
  A hound zombie (D:5)
  7 adders
  A shadow imp (D:4)
  A white imp (D:5)
  An ufetubus (D:5)
  3 adder skeletons
  2 worms
  10 orcs
  4 endoplasms
  4 giant cockroaches
  7 goblins
  4 hobgoblins
  3 jackals (D:4)
  6 quokkas
  4 ball pythons
  4 bats
  3 frilled lizards
  3 kobolds
  2 rats
82 creatures vanquished.

Notes
Turn   | Place    | Note
-------+----------+-------------------------------------------
     0 | D:1      | leviel the Minotaur Fighter began the quest for the Orb.
     0 | D:1      | Reached XP level 1. HP: 19/19 MP: 0/0
   180 | D:1      | Found a faded altar of an unknown god.
   361 | D:1      | Reached XP level 2. HP: 27/27 MP: 1/1
   547 | D:1      | Reached skill level 3 in Axes
   661 | D:2      | Reached XP level 3. HP: 19/33 MP: 2/2
  1181 | D:2      | Found Zilex's Jewellery Shoppe.
  1381 | D:3      | Reached XP level 4. HP: 40/40 MP: 3/3
  1524 | D:3      | Reached skill level 4 in Axes
  1698 | D:3      | Noticed a scorpion
  1706 | D:3      | Killed a scorpion
  1707 | D:3      | Reached XP level 5. HP: 35/47 MP: 4/4
  2224 | D:3      | Found a bloodstained altar of Trog.
  2357 | D:4      | Found Nygg's Antique Weapon Shop.
  2493 | D:4      | Reached skill level 5 in Axes
  2586 | D:4      | Reached XP level 6. HP: 44/55 MP: 5/5
  2824 | D:5      | Entered Level 5 of the Dungeon
  2843 | D:5      | Reached skill level 5 in Fighting
  2843 | D:5      | Reached skill level 5 in Shields
  3284 | D:5      | Reached skill level 5 in Armour
  3336 | D:5      | Reached skill level 6 in Axes
  3336 | D:5      | Reached XP level 7. HP: 42/61 MP: 6/6
  4010 | D:5      | HP: 2/62 [phantom (2)]
  4011 | D:5      | Slain by a howler monkey

Illustrated notes

Levels and vault maps discovered:
D:1:      dpeg_cavernosity, layout_basic,
          hellmonk_ecumenical_altar_pennies_from_heaven
D:2:      layout_basic, serial_shops, shop
D:3:      layout_loops_ring, lemuel_tele_altar, minmay_crystal_water
D:4:      layout_cave_pools, serial_shops, shop
D:5:      kennysheep_windowed_halls, layout_rooms, kennysheep_diamond

Skill      XL: |  1  2  3  4  5  6 |
---------------+-------------------+-----
Axes           | 3 4 5 6 |  6.5
Fighting       | 4 5 |  5.7
Armour         | 4 5 |  5.6
Shields        | 4 5 |  5.6

Action                   |  1- 3 |  4- 6 |  7- 9 || total
-------------------------+-------+-------+-------++-------
Melee: War axe           |    53 |   104 |    60 ||   217
       Headbutt          |    14 |    20 |    11 ||    45
  Use: Potion            |       |       |     1 ||     1
Armor: Scale mail        |    28 |    40 |    23 ||    91
Dodge: Dodged            |    15 |    40 |    23 ||    78
Block: Kite shield       |    18 |    61 |    30 ||   109

Table legend: (Time is in decaauts)
 A = Elapsed time spent in this place.
 B = Non-inter-level travel time spent in this place.
 C = Inter-level travel time spent in this place.
 D = Time resting spent in this place.
 E = Time spent auto-exploring this place.
 F = Levels seen in this place.
 G = Mean time per level.
                   A        B        C        D        E       F      G
               +--------+--------+--------+--------+--------+-----+--------+
         Total |   4113 |   3989 |    124 |    413 |   3012 |   5 |  822.6 |
       Dungeon |   4113 |   3989 |    124 |    413 |   3012 |   5 |  822.6 |
               +--------+--------+--------+--------+--------+-----+--------+

Top non-repeatable levels by time:
     D:5: 1214 daAuts
     D:3: 960 daAuts
     D:2: 711 daAuts
     D:1: 637 daAuts
     D:4: 590 daAuts
